AoeStats
← Gobbor

Arena

510345861Analyzed
2v2 RM · 2d ago on Sep 30, 2026· 56m 19s· 4 players
Game mode
Random Map
Map size
Medium (4 player)
Population
200
Speed
Normal
Resources
Standard
Victory
Conquest
Starting age
Dark Age
Ending age
Imperial Age
RankedLock teamsTeams togetherTeam positionsShared explorationLock speedFull tech treeHidden civsTurbo modeCheats
Victory
Defeat
🇳🇱 Lithuanians · Netherlands
748
+16
🇷🇺 Cumans · Russia
734
+17
🇨🇳 Franks · China
809
-19
🇩🇰 Shu · Denmark
689
-14
Captain Klest
11:33 Feudal Age
11:58 Man-at-Arms
19:15 Forging
27:34 Double-Bit Axe
27:31 Horse Collar
33:43 Castle Age
32:21 Wheelbarrow
32:22 Gold Mining
35:02 Hand Cart
35:29 Bow Saw
36:04 Iron Casting
35:34 Scale Barding Armor
35:15 Long Swordsman
39:56 Gold Shaft Mining
39:45 Chain Barding Armor
46:13 Imperial Age
44:28 Bloodlines
48:29 Blast Furnace
48:05 Plate Barding Armor
46:52 Cavalier
49:51 Two-Man Saw
49:01 Paladin
T100official
4:54 Loom
10:22 Feudal Age
10:45 Horse Collar
10:53 Double-Bit Axe
18:55 Castle Age
17:45 Forging
17:26 Fletching
18:03 Scale Barding Armor
19:38 Bloodlines
20:15 Bow Saw
19:34 Light Cavalry
20:39 Heavy Plow
23:39 Wheelbarrow
22:50 Town Watch
24:44 Town Patrol
27:52 Hand Cart
29:24 Caravan
34:24 Imperial Age
32:52 Murder Holes
33:08 Fortified Wall
35:49 Winged Hussar
39:03 Chemistry
38:48 Bodkin Arrow
38:54 Padded Archer Armor
39:30 Iron Casting
38:47 Elite Skirmisher
39:33 Thumb Ring
40:53 Crop Rotation
41:29 Two-Man Saw
44:29 Bracer
44:24 Cavalier
48:25 Paladin
51:51 Chain Barding Armor
51:47 Leather Archer Armor
雷霆半月斩
9:19 Feudal Age
9:47 Double-Bit Axe
16:24 Castle Age
18:13 Bow Saw
24:39 Husbandry
Gobbor
0:32 Loom
11:05 Feudal Age
11:35 Double-Bit Axe
11:32 Horse Collar
12:49 Gold Mining
19:37 Castle Age
18:19 Stone Mining
19:29 Wheelbarrow
21:24 Gold Shaft Mining
21:59 Bow Saw
22:18 Heavy Plow
24:05 Hand Cart
29:42 Scale Barding Armor
37:35 Imperial Age
35:38 Chain Barding Armor
38:28 Ballistics
39:27 Guilds
39:33 Bolt Magazine
39:51 Siege Engineers
40:44 Conscription
41:07 Plate Barding Armor
41:37 Chemistry
48:33 Two-Man Saw
53:03 Pikeman
53:32 Arson
53:48 Squires
Connection lost

Rejoining the realm…

Still unreachable

The connection could not be restored.

Session expired

The server has moved on; the page needs a fresh start.